 Dungeon Crawl Stone Soup version 0.30-a0-1075-gcd70e7a56d (webtiles) character file.

Game seed: 16832046290841349681

567 dracfodder the Chopper (level 7, 0/60 HPs)
             Began as a Minotaur Fighter on Apr 14, 2023.
             Succumbed to a gnoll's poison
             ... on level 5 of the Dungeon.
             The game lasted 00:08:22 (3121 turns).

dracfodder the Chopper (Minotaur Fighter)           Turns: 3121, Time: 00:08:22

Health: 0/60       AC:  8    Str: 22    XL:     7   Next: 11%
Magic:  6/6        EV:  9    Int: 11    God:
Gold:   270        SH:  4    Dex: 10    Spells: 6/6 levels left

rFire   . . .      SeeInvis .    b - +6 mace (drain)
rCold   . . .      Faith    .    c - +0 buckler
rNeg    . . .      Spirit   .    r - +1 scale mail
rPois   .          Reflect  .    (helmet restricted)
rElec   .          Rampage  .    (no cloak)
rCorr   .                        (no gloves)
Will    +....                    (no boots) Stlth
                                 (no amulet)
HPRegen 0.30/turn                j - +6 ring of intelligence
MPRegen 0.10/turn                m - ring of willpower

@: lethally poisoned (0 -> -1)
A: horns 2, retaliatory headbutt
a: no special abilities


You were on level 5 of the Dungeon.
You visited 1 branch of the dungeon, and saw 5 of its levels.

You collected 270 gold pieces.

Inventory:

Hand Weapons
 a - a +3 war axe
 b - a +6 mace of draining (weapon)
Armour
 c - a +0 buckler (worn)
 r - a +1 scale mail (worn)
Jewellery
 j - a +6 ring of intelligence (left hand)
 m - a ring of willpower (right hand)
 n - a ring of see invisible
 v - a +6 ring of intelligence
Wands
 d - a wand of flame (21)
 t - a wand of quicksilver (12)
Scrolls
 k - 4 scrolls of teleportation
 l - a scroll of enchant armour
 o - a scroll of vulnerability {unknown}
 p - a scroll of immolation
 u - 5 scrolls of identify
 w - a scroll of noise {unknown}
Potions
 e - 2 potions of cancellation
 f - 2 potions of curing {unknown}
 g - a potion of flight {unknown}
 h - a potion of ambrosia {unknown}
 i - a potion of attraction {unknown}
 q - a potion of resistance {unknown}
 s - a potion of heal wounds {unknown}
 x - a potion of degeneration {unknown}


   Skills:
 + Level 4.9 Fighting
 + Level 5.4(6.1) Axes
 + Level 4.0(5.4) Maces & Flails
 + Level 5.4 Armour
 + Level 0.9 Dodging
 + Level 0.5 Stealth
 + Level 4.5 Shields


You had 6 spell levels left.
You didn't know any spells.
Your spell library was empty.

Dungeon Overview and Level Annotations

Branches:
Dungeon (5/15)
 Temple: D:4-7

Altars:
Ashenzari
Cheibriados
Makhleb
Vehumet
Wu Jian
Xom
Zin

Shops:
D:4 (


Innate Abilities, Weirdness & Mutations

You have a pair of horns on your head.
You reflexively headbutt those who attack you in melee.


Message History

You thump the gnoll!
You kill the gnoll!
You feel very sick. The gnoll hits you but does no damage.
You are more poisoned.
You feel very sick.
The iguana bites you but does no damage.
You feel very sick.
You feel very sick.
You feel sick. You block the gnoll's attack. The iguana bites you.
* * * LOW HITPOINT WARNING * * *
You hit the gnoll. You drain the gnoll.
The gnoll is severely wounded.
* * * LOW HITPOINT WARNING * * *
You feel very sick. The gnoll hits you but does no damage.
The iguana bites you but does no damage.
You barely miss the gnoll.
The gnoll is severely wounded.
* * * LOW HITPOINT WARNING * * *
You feel sick. The gnoll barely misses you. The iguana barely misses you.
You furiously retaliate!
You headbutt the iguana. You thump the gnoll!
You kill the gnoll!
* * * LOW HITPOINT WARNING * * *
You feel sick.
The iguana hisses menacingly.
The iguana closely misses you.
You hit the iguana. You headbutt the iguana.
The iguana is almost dead.
* * * LOW HITPOINT WARNING * * *
You feel sick. You block the iguana's attack.
You sock the iguana!
You kill the iguana!
* * * LOW HITPOINT WARNING * * *
You feel sick.
Your base Maces & Flails skill increases to level 4!
* * * LOW HITPOINT WARNING * * *
You feel sick.
You die...

##........#............
##.....................
#......................
....###...........#......
....# #..........## #....
.....#...........#####...
.........................
.......##............#..#
##......#.....|.@........
#...#.........#)........
.#......#.†..#.)..
#.##.#...))...... ..!
###...##...... .. #.....
...... ....#.# ......
....#### #....$ ....
.....


There were no monsters in sight!

Vanquished Creatures
  A black bear (D:5)
  A kobold brigand (D:4)
  A scorpion (D:4)
  2 hounds (D:5)
  An iguana (D:5)
  2 sleepcaps (D:5)
  Ijyb (D:3)
  Robin (D:3)
  7 adders
  3 gnolls (D:5)
  3 dart slugs
  An orc (D:3)
  5 bats
  4 endoplasms
  5 giant cockroaches
  9 goblins
  12 hobgoblins
  2 jackals (D:2)
  6 kobolds
  2 quokkas
  7 ball pythons
  4 frilled lizards
  6 rats
86 creatures vanquished.

Notes
Turn   | Place    | Note
-------+----------+-------------------------------------------
     0 | D:1      | dracfodder the Minotaur Fighter began the quest for the
                  | Orb.
     0 | D:1      | Reached XP level 1. HP: 19/19 MP: 0/0
   237 | D:1      | Reached XP level 2. HP: 27/27 MP: 1/1
  1118 | D:2      | Reached XP level 3. HP: 33/33 MP: 2/2
  1570 | D:3      | Noticed Robin
  1575 | D:3      | Reached XP level 4. HP: 26/40 MP: 3/3
  1576 | D:3      | Killed Robin
  1688 | D:3      | Noticed Ijyb
  1695 | D:3      | Killed Ijyb
  2380 | D:4      | Found Febetin's Weapon Boutique.
  2411 | D:4      | Reached XP level 5. HP: 46/46 MP: 4/4
  2455 | D:4      | Reached skill level 5 in Axes
  2455 | D:4      | Reached skill level 1 in Maces & Flails
  2517 | D:4      | Found a burning altar of Makhleb.
  2517 | D:4      | Found a radiant altar of Vehumet.
  2521 | D:4      | Found a snail-covered altar of Cheibriados.
  2521 | D:4      | Found a shimmering altar of Xom.
  2573 | D:4      | Found a broken altar of Ashenzari.
  2678 | D:4      | Found an ornate altar of the Wu Jian Council.
  2742 | D:4      | Reached XP level 6. HP: 19/53 MP: 5/5
  2903 | D:4      | Found a glowing silver altar of Zin.
  2986 | D:5      | Entered Level 5 of the Dungeon
  2996 | D:5      | Reached skill level 5 in Armour
  3100 | D:5      | Identified the +3 dagger of Ikhudgh {freeze, Dex+4}
  3110 | D:5      | Reached XP level 7. HP: 32/60 MP: 6/6
  3117 | D:5      | HP: 3/60 [poisoned by a gnoll]
  3119 | D:5      | HP: 1/60 [poisoned by a gnoll]
  3121 | D:5      | Succumbed to a gnoll's poison

Illustrated notes

Levels and vault maps discovered:
D:1:      wander_arrival_chamber, layout_basic
D:2:      layout_loops_cross
D:3:      layout_rooms, minmay_splitting_lines, grunt_ministairs_7,
          amcnicky_mini_corridor_feature, uniq_robin, uniq_ijyb
D:4:      layout_rooms, lemuel_round_altar, grunt_temple_overflow_open,
          mainiacjoe_overflow_swirl, serial_shops, nicolae_take_the_stairs
D:5:      layout_cave_pools, serial_shops, nicolae_shop_behind_doors

Skill      XL: |  1  2  3  4  5  6  7 |
---------------+----------------------+-----
Axes           | 3 4 5 |  5.4
Armour         | 4 5 |  5.4
Shields        | 4 |  4.5
Fighting       | 4 |  4.9
Maces & Flails | 2 3 4 |  4.0
Dodging        | |  0.9
Stealth        | |  0.5

Action                     |  1- 3 |  4- 6 |  7- 9 || total
---------------------------+-------+-------+-------++-------
  Melee: War axe           |    88 |     3 |       ||    91
         Headbutt          |     8 |     6 |     1 ||    15
         Mace              |       |    76 |     6 ||    82
    Use: Potion            |     1 |       |       ||     1
         Scroll            |       |     9 |       ||     9
 Armour: Scale mail        |    57 |    42 |     4 ||   103
  Dodge: Dodged            |    51 |    31 |     3 ||    85
  Block: Buckler           |    16 |    18 |     2 ||    36

Table legend: (Time is in decaauts)
 A = Elapsed time spent in this place.
 B = Non-inter-level travel time spent in this place.
 C = Inter-level travel time spent in this place.
 D = Time resting spent in this place.
 E = Time spent auto-exploring this place.
 F = Levels seen in this place.
 G = Mean time per level.
                   A        B        C        D        E       F      G
               +--------+--------+--------+--------+--------+-----+--------+
         Total |   3175 |   3083 |     92 |    298 |   2252 |   5 |  635.0 |
       Dungeon |   3175 |   3083 |     92 |    298 |   2252 |   5 |  635.0 |
               +--------+--------+--------+--------+--------+-----+--------+

Top non-repeatable levels by time:
     D:1: 978 daAuts
     D:4: 858 daAuts
     D:2: 623 daAuts
     D:3: 574 daAuts
     D:5: 140 daAuts
